[Event "*** Titled Tuesday Blitz"]
[Site "Chess.com"]
[Date "2020.04.14"]
[Round "2"]
[White "crazy_but_lazy"]
[Black "VerdeNotte"]
[Result "0-1"]
[WhiteElo "2407"]
[BlackElo "2685"]
[TimeControl "180+1"]
[EndTime "10:17:28 PDT"]
[Termination "VerdeNotte won on time"]

1. d4 Nf6 2. c4 g6 3. Nc3 Bg7 4. h4 c5 5. d5 e6 6. e4 d6 7.
Be2 exd5 8. exd5 h5 9. Bg5 Bf5 10. Qd2 Nbd7 11. Nf3 O-O 12. O-O a6 13. a4 Qa5 14.
Rfe1 Rfe8 15. Bd3 Bg4 16. Nh2 Ne5 17. Nxg4 Nfxg4 18. Bf1 Qb4 19. Ne4 Qxd2 20. Bxd2 Rad8 21. Bc3 f5 22. Ng5 Bf6 23. Ne6 Rc8 24. f3 Nh6 25. a5 Bxh4 26. Rxe5 dxe5 27. Bxe5 Nf7 28. Bh2 Bf6 29. Bd3 Nd8 30. Nxd8 Rcxd8 31. Kf1 Rd7 32.
Rb1 Kf7 33. Bc2 Rde7 34. d6 Re6 35. Ba4 Rd8 36. b3 Be5 0-1

[Event "*** Titled Tuesday Blitz"]
[Site "Chess.com"]
[Date "2020.04.14"]
[Round "2"]
[White "Sashadav97"]
[Black "BocharovD"]
[Result "1/2-1/2"]
[WhiteElo "2598"]
[BlackElo "2879"]
[TimeControl "180+1"]
[EndTime "10:17:29 PDT"]
[Termination "Game drawn by agreement"]

1. d4 Nf6 2. c4 e6 3. Nc3 Bb4 4. e3 O-O 5. Bd3 d5 6. a3 Bxc3+ 7.
bxc3 b6 8. cxd5 exd5 9. Ne2 Ba6 10. O-O Bxd3 11. Qxd3 c5 12. f3 Re8 13. Ng3 Nc6 14. Bb2 h5 15. Rad1 Qd7 16. e4 h4 17. Nf5 dxe4 18.
fxe4 Nxe4 19. d5 Rad8 20. c4 Nd4 21. Bxd4 cxd4 22. Qxd4 f6 23. Nxh4 Qg4 24. Nf5 Re5 25.
h3 Qg5 26. d6 Rxf5 27. Qxe4 Rxf1+ 28. Kxf1 Qh5 29. Qd5+ Qxd5 30. Rxd5 Kf7 31. Rd4 Ke6 32. Ke2 Rxd6 33. Re4+ Kd7 34. Rg4 g5 35. h4 gxh4 36.
Rxh4 Kc6 37. Ke3 Kc5 38. Re4 a5 39. g4 a4 40. Rf4 Re6+ 41. Kf3 Rc6 42. Ke3 Rd6 43.
Re4 Kc6 44. Rf4 Re6+ 45. Kd3 Kd6 46. Rf5 Kc6 47. Kd4 Kb7 48. Kc3 Ka6 49. Kb4 Re4 50. Rxf6 Rxg4 51. Kxa4 1/2-1/2

[Event "*** Titled Tuesday Blitz"]
[Site "Chess.com"]
[Date "2020.04.14"]
[Round "2"]
[White "SameerMujumdar"]
[Black "mrsavic77"]
[Result "0-1"]
[WhiteElo "2406"]
[BlackElo "2766"]
[TimeControl "180+1"]
[EndTime "10:17:29 PDT"]
[Termination "mrsavic77 won by resignation"]

1. e4 d5 2. exd5 Qxd5 3. Nc3 Qa5 4. Nf3 c6 5. d4 Nf6 6. Ne5 Nbd7 7. Nc4 Qd8 8. Be2 g6 9. Bg5 Bg7 10. Qd2 Nb6 11.
Nxb6 axb6 12. Rd1 O-O 13. Bh6 b5 14. Bxg7 Kxg7 15. a3 Bf5 16. O-O Qd6 17. Qe3 b4 18. axb4 Qxb4 19. Qc1 Rfd8 20. d5 cxd5 21. Bd3 Bg4 22.
Rde1 Rac8 23. h3 Be6 24. Nd1 d4 25. Qf4 Qd6 26. Qd2 Bc4 27. f4 e6 28. Nf2 Qb6 29. b3 Bxd3 30. Nxd3 Nd5 31. Rf3 Ne3 32. c4 Qxb3 33. Ne5 Qc2 34. Qxc2 Nxc2 35. Rc1 Ne3 36. g4 f6 37. Nd3 Rxc4 38. Rb1 Rc7 39. g5 Nd5 40. Rf2 Nc3 41. Re1 Re8 42. h4 Nd5 43.
h5 gxh5 44. Rh2 Rc3 45. Nf2 Rg3+ 46. Kf1 Ne3+ 47. Ke2 fxg5 48. fxg5 Ra8 49. Rxh5 Ra2+ 50. Kd3 Rxf2 51. Reh1 Nf5+ 52. Kc4 Rc3+ 53. Kb4 Rb2+ 54.
Ka4 Kg6 0-1

[Event "*** Titled Tuesday Blitz"]
[Site "Chess.com"]
[Date "2020.04.14"]
[Round "2"]
[White "tylityli"]
[Black "nurgyulsalimova"]
[Result "1-0"]
[WhiteElo "2138"]
[BlackElo "2535"]
[TimeControl "180+1"]
[EndTime "10:17:29 PDT"]
[Termination "tylityli won by checkmate"]

1. e4 c5 2. Nf3 Nc6 3. d4 cxd4 4. Nxd4 g6 5. Nc3 Bg7 6. Be3 Nf6 7. Be2 O-O 8. O-O d5 9. Nxc6 bxc6 10. e5 Nd7 11. f4 e6 12. b4 f6 13. exf6 Qxf6 14. Bd2 e5 15. b5 e4 16. Rb1 Nb6 17. a4 Bd7 18. a5 Nc4 19. Bxc4 Qd4+ 20. Kh1 Qxc4 21. bxc6 Bxc6 22. Ne2 d4 23. Rb4 Qd5 24. Be1 d3 25. Nc3 Bxc3 26. Bxc3 e3 27. Rg1 d2 28. Qe2 Rab8 29.
Rd4 Qe6 30. Rd3 Rfe8 31. f5 Qxf5 32. Rxe3 Rxe3 33. Qxe3 Rd8 34. Qxa7 d1=Q 35. Qg7# 1-0

[Event "*** Titled Tuesday Blitz"]
[Site "Chess.com"]
[Date "2020.04.14"]
[Round "2"]
[White "731291"]
[Black "dcann0n88"]
[Result "1-0"]
[WhiteElo "2594"]
[BlackElo "2300"]
[TimeControl "180+1"]
[EndTime "10:17:29 PDT"]
[Termination "731291 won by resignation"]

1. b3 e5 2. Bb2 Nc6 3. e3 a6 4. Nf3 d6 5. d4 f6 6. Be2 g6 7. O-O Nh6 8. c4 Bg7 9. Nc3 O-O 10. d5 Ne7 11. e4 Nf7 12. b4 f5 13. Nd2 g5 14. c5 Ng6 15. exf5 Bxf5 16. Bg4 Qd7 17.
h3 Nf4 18. Nde4 Nh6 19. Bxf5 Nxf5 20. Nxg5 Rf6 21. Nce4 Rg6 22. g3 h6 23. gxf4 exf4 24. Qh5 Qe8 25. Bxg7 Nxg7 26. Qg4 hxg5 27. Rae1 Qf7 28.
Re2 Qxd5 29. Rfe1 Rf8 30. h4 Ne6 31. h5 Rg7 32. Nc3 Qc4 33. Qxe6+ Qxe6 34. Rxe6 dxc5 35. bxc5 Rd7 36. Ne4 Rd4 37. Nxg5 f3 38. Rg6+ Kh8 39. Ne6 1-0

[Event "*** Titled Tuesday Blitz"]
[Site "Chess.com"]
[Date "2020.04.14"]
[Round "2"]
[White "K1TTYGANG"]
[Black "Kumi29"]
[Result "0-1"]
[WhiteElo "2117"]
[BlackElo "2406"]
[TimeControl "180+1"]
[EndTime "10:17:29 PDT"]
[Termination "Kumi29 won by resignation"]

1. c4 b6 2. Nc3 Bb7 3. d3 e6 4. e4 c5 5. Nge2 Nc6 6. g3 h5 7. Bg2 h4 8. O-O g6 9. f4 hxg3 10. hxg3 Bg7 11. Rb1 Nd4 12. Be3 Ne7 13. b4 Nxe2+ 14.
Nxe2 d6 15. d4 cxb4 16. Rxb4 Rc8 17. d5 exd5 18. cxd5 Kf8 19. Bd4 Ba6 20. Bxg7+ Kxg7 21. Re1 Qd7 22. Qa1+ Kg8 23. Nd4 Qg4 24. Rb3 Rc5 25. Ra3 Bc4 26. Rxa7 Qxg3 27. Ra8+ Rc8 28. Rxc8+ Nxc8 29.
Nf3 Qxf4 30. Qd4 b5 31. a4 Ne7 32. axb5 Bxb5 33. Rb1 Bd7 34. Rb8+ Bc8 35. Qa7 Qxe4 36. Qc7 Qe3+ 37. Kf1 Kg7 38. Qc2 Ba6+ 39. Rb5 Bxb5+ 0-1

[Event "*** Titled Tuesday Blitz"]
[Site "Chess.com"]
[Date "2020.04.14"]
[Round "2"]
[White "gliglu"]
[Black "CastleOasisChess"]
[Result "1-0"]
[WhiteElo "2386"]
[BlackElo "2050"]
[TimeControl "180+1"]
[EndTime "10:17:30 PDT"]
[Termination "gliglu won on time"]

1. g3 d5 2. Bg2 e6 3. d4 Bd6 4.
Nf3 Nd7 5. O-O c6 6. c4 f5 7. Nc3 Ngf6 8. Bf4 Qc7 9. Bxd6 Qxd6 10.
c5 Qc7 11. b4 e5 12. dxe5 Nxe5 13. Qd4 Nc4 14. Nd2 Nxd2 15. Qxd2 O-O 16. Qd4 Be6 17. Rad1 Bf7 18. a4 Rae8 19. e3 a6 20. b5 axb5 21. axb5 Ra8 22. b6 Qe7 23. Ra1 Nd7 24. Ra7 Nxc5 25.
Qb4 Rae8 26. Rd1 h6 27. Bf1 Ne6 28. Qxe7 Rxe7 29. Bd3 g6 30. Ne2 Kg7 31. Rda1 Nc5 32. Bc2 Ne6 33. Nd4 Kf6 34. Bd3 c5 35. Nb5 c4 36.
Bc2 Nc5 37. Nc3 Rd8 38. R7a5 Nd3 39. Bxd3 cxd3 40. Rd1 d4 41. Rxd3 1-0

[Event "*** Titled Tuesday Blitz"]
[Site "Chess.com"]
[Date "2020.04.14"]
[Round "2"]
[White "diskeleven"]
[Black "Federtiu"]
[Result "1/2-1/2"]
[WhiteElo "2334"]
[BlackElo "2663"]
[TimeControl "180+1"]
[EndTime "10:17:31 PDT"]
[Termination "Game drawn by agreement"]

1. d4 d5 2. c4 e6 3. Nc3 c6 4. e3 f5 5. f4 Nf6 6. Nf3 Bb4 7. Bd2 Nbd7 8. Be2 O-O 9. O-O Qe7 10. a3 Bd6 11. b4 Ne4 12. Nxe4 fxe4 13. Ne5 Nxe5 14. fxe5 Rxf1+ 15. Qxf1 Bc7 16. b5 cxb5 17. Bb4 Qe8 18. cxb5 Bd7 19. Rc1 Bd8 20. Bh5 g6 21. Be2 Bg5 22.
Qf2 Rc8 23. Rxc8 Qxc8 24. h4 Bh6 25. Kh2 Qe8 26. a4 Qf7 27. Qxf7+ Kxf7 28. Bd2 Ke7 29. g4 Kd8 30. g5 Bf8 31. Kg3 Kc7 32. Ba5+ Kb8 33. h5 Ba3 34. h6 Bc1 35. Kf4 Ba3 36. Bd8 Kc8 37. Ba5 Be7 38. Bf1 Kb8 39. Be2 1/2-1/2

[Event "*** Titled Tuesday Blitz"]
[Site "Chess.com"]
[Date "2020.04.14"]
[Round "2"]
[White "Perimir"]
[Black "avocadosheena"]
[Result "1-0"]
[WhiteElo "2433"]
[BlackElo "2161"]
[TimeControl "180+1"]
[EndTime "10:17:31 PDT"]
[Termination "Perimir won on time"]

1. e4 c5 2. Nf3 Nc6 3. d4 cxd4 4. Nxd4 Nf6 5. Nc3 d6 6. Bc4 Qb6 7. Be3 Qxb2 8. Ndb5 Qb4 9. Bd3 Qa5 10. Bd2 Qd8 11.
Nd5 Nxd5 12. exd5 Ne5 13. Be2 a6 14. Nd4 g6 15. f4 Nd7 16. O-O Bg7 17. Be3 O-O 18. a4 Nc5 19. a5 Ne4 20. Qd3 Nc5 21. Qa3 Bd7 22. Rab1 Qc8 23. Rb6 Bg4 24. Bxg4 Qxg4 25.
h3 Qd7 26. Nb3 Ne4 27. Qb4 Ng3 28. Rxb7 Qc8 29. Rf2 Nf5 30. Bc1 Bc3 31. Qb6 Nd4 32.
Rc7 Qb8 33. Rxe7 1-0

[Event "*** Titled Tuesday Blitz"]
[Site "Chess.com"]
[Date "2020.04.14"]
[Round "2"]
[White "1lec"]
[Black "FranciscodelaF"]
[Result "0-1"]
[WhiteElo "2141"]
[BlackElo "2415"]
[TimeControl "180+1"]
[EndTime "10:17:31 PDT"]
[Termination "FranciscodelaF won on time"]

1. e4 e6 2. d4 d5 3. Nd2 c5 4. exd5 Qxd5 5. Ngf3 cxd4 6. Bc4 Qd7 7. O-O Nc6 8. Nb3 Nf6 9. Nbxd4 Nxd4 10. Nxd4 a6 11. c3 Qc7 12. Be2 Be7 13. Bf3 O-O 14. Be3 Bd7 15.
Qe2 Rad8 16. Rfd1 e5 17. Nb3 Bb5 18. Qe1 e4 19. Be2 Bc6 20. Rxd8 Rxd8 21. Rd1 Bd6 22. h3 Re8 23. Nd4 Bd7 24. c4 Bc8 25. b4 Be5 26. Nb3 Nd7 27. c5 f5 28. Bd4 Nf6 29. Bxe5 Qxe5 30. Qd2 f4 31. Qd6 Qg5 32. Bf1 Bxh3 33.
Nd4 Bg4 34. Re1 e3 35. Bc4+ Kh8 36. Ne6 exf2+ 37. Kxf2 Qh4+ 38. Kf1 f3 39. gxf3 Qh1+ 40. Kf2 Qxf3+ 41. Kg1 Bh3 42. Qh2 Ng4 43. Qe2 Qg3+ 44. Kh1 Nf2+ 0-1

[Event "*** Titled Tuesday Blitz"]
[Site "Chess.com"]
[Date "2020.04.14"]
[Round "2"]
[White "Superfelix"]
[Black "1977Ivan"]
[Result "1-0"]
[WhiteElo "2531"]
[BlackElo "2699"]
[TimeControl "180+1"]
[EndTime "10:17:32 PDT"]
[Termination "Superfelix won by resignation"]

1. e4 e5 2. Nf3 Nc6 3. d4 exd4 4. Nxd4 Nf6 5. Nc3 Bb4 6. Nxc6 bxc6 7. Bd3 O-O 8. O-O Re8 9. Qf3 Rb8 10. h3 Bd6 11. b3 Be5 12. Bb2 d6 13. Rad1 Bb7 14. Na4 c5 15. Rfe1 Qe7 16. Nc3 Qf8 17. Bb5 Re7 18.
Bd3 Bc6 19. a4 h6 20. Ba1 Rb4 21. Nd5 Bxd5 22. exd5 Rf4 23. Qg3 Nh5 24. Qe3 Bd4 25. Qxe7 Bxf2+ 26. Kh2 Bg3+ 27. Kh1 Bxe1 28. Rxe1 Ng3+ 29.
Kh2 Nf1+ 30. Kg1 Qxe7 31. Rxe7 Kf8 32. Rxc7 Ne3 33. Rxa7 c4 34. bxc4 Nxc4 35. a5 Nd2 36. a6 Ra4 37. Bc3 Nb1 38. Be1 Ra1 39. Kh2 Na3 40.
Bg3 1-0

[Event "*** Titled Tuesday Blitz"]
[Site "Chess.com"]
[Date "2020.04.14"]
[Round "2"]
[White "Kavyev_Ruslan"]
[Black "cassoulet"]
[Result "1-0"]
[WhiteElo "2531"]
[BlackElo "2705"]
[TimeControl "180+1"]
[EndTime "10:17:33 PDT"]
[Termination "Kavyev_Ruslan won by checkmate"]

1. d4 d5 2. c4 e5 3. Nf3 exd4 4. cxd5 Nf6 5. Nxd4 Qxd5 6. Nc3 Bb4 7. Qa4+ Nc6 8.
Nxc6 Bxc3+ 9. bxc3 bxc6 10. Ba3 Bd7 11. e3 Ne4 12. Qd4 Qf5 13. f3 Nd6 14. Qxg7 Rf8 15. Qd4 Rg8 16. Rd1 Qa5 17. Bxd6 cxd6 18. Qxd6 Qxc3+ 19.
Kf2 Rd8 20. Be2 Rg6 21. Qf4 Qc2 22. Rd6 Ke7 23. Rhd1 Rxd6 24. Qxd6+ Ke8 25. Rd4 Qxa2 26. f4 Qa5 27. Bc4 Qh5 28. Re4+ Be6 29. Rxe6+ fxe6 30. Qxe6+ Kf8 31. Qf6+ Ke8 32. Qe6+ Kf8 33. Be2 Qf7 34. Qe5 Kg8 35. Qg5+ Qg7 36. Qxd8+ Qf8 37. Bc4+ Kg7 38. Qg5+ Kh8 39. Qe5+ Qg7 40. Qe8+ Qg8 41. Qxg8# 1-0

[Event "*** Titled Tuesday Blitz"]
[Site "Chess.com"]
[Date "2020.04.14"]
[Round "2"]
[White "arctic_t00"]
[Black "JoachimMouhamad"]
[Result "1-0"]
[WhiteElo "2497"]
[BlackElo "2244"]
[TimeControl "180+1"]
[EndTime "10:17:33 PDT"]
[Termination "arctic_t00 won on time"]

1. d4 Nf6 2. Nf3 g6 3. Nbd2 d5 4. e3 Bg7 5. b4 O-O 6. Bb2 Ne4 7. Nxe4 dxe4 8. Nd2 e5 9. c3 f5 10. Bc4+ Kh8 11. h4 Nd7 12. h5 g5 13. h6 Bf6 14.
g4 Nb6 15. Bb3 c6 16. Qe2 a5 17. a3 Qe7 18. Bc2 axb4 19. cxb4 Na4 20. Bxa4 Rxa4 21.
Qd1 b5 22. Nb3 fxg4 23. Qc2 Be6 24. Nc5 Bc4 25. dxe5 Bxe5 26. Qxe4 Bxb2 27. Qxe7 Raa8 28. Nd7 Rfe8 29. Qd6 Bxa1 30. Kd2 Bb2 31. Kc2 Rad8 32. Kxb2 1-0

[Event "*** Titled Tuesday Blitz"]
[Site "Chess.com"]
[Date "2020.04.14"]
[Round "2"]
[White "Duhless"]
[Black "francyIM"]
[Result "1-0"]
[WhiteElo "3083"]
[BlackElo "2621"]
[TimeControl "180+1"]
[EndTime "10:17:34 PDT"]
[Termination "Duhless won by resignation"]

1. d4 Nf6 2. c4 e6 3. Nf3 b6 4.
g3 Ba6 5. Qc2 d5 6. cxd5 exd5 7.
Bg2 Be7 8. O-O O-O 9. Nc3 Bb7 10.
Bf4 Na6 11. Rfd1 c6 12. Rac1 Nc7 13. Bxc7 Qxc7 14. Ne5 Qd8 15. e4 Rc8 16. Bh3 Ra8 17. exd5 cxd5 18. Qb3 Bd6 19. Nb5 Re8 20. Nc6 Bxc6 21.
Rxc6 Bb8 22. Rdc1 Qe7 23. Bg2 Rd8 24. Nc3 Qd7 25. Rxf6 gxf6 26. Nxd5 Kg7 27. Ne3 Bd6 28. Bxa8 Rxa8 29. Qd5 Rd8 30. Rc6 Be7 31. Nf5+ Kg6 32. Nh4+ Kg7 33. Qf3 Kg8 34. Nf5 Bf8 35. Rxf6 Rc8 36.
Kg2 Rc1 37. Ne3 Bg7 38. Rf5 Rc8 39. b3 Qxd4 40. Rxf7 Rf8 41. Rxf8+ Bxf8 42. Qd5+ Qxd5+ 43. Nxd5 Kf7 44. Kf3 Ke6 45. Ke4 1-0

[Event "*** Titled Tuesday Blitz"]
[Site "Chess.com"]
[Date "2020.04.14"]
[Round "2"]
[White "Xeniya2005"]
[Black "Bad_left_hook"]
[Result "0-1"]
[WhiteElo "2175"]
[BlackElo "2570"]
[TimeControl "180+1"]
[EndTime "10:17:35 PDT"]
[Termination "Bad_left_hook won by resignation"]

1. e4 c5 2. Nf3 d6 3. d4 cxd4 4. Nxd4 Nf6 5. Nc3 a6 6. Nb3 Nc6 7. Be3 Ng4 8. Bf4 e5 9. Bg3 Be7 10. h3 Nf6 11. a4 O-O 12. Bc4 Na5 13. Nxa5 Qxa5 14. O-O Be6 15. Bd5 Nxd5 16. Nxd5 Bxd5 17. Qxd5 Qxd5 18. exd5 Rfc8 19. c3 Rc4 20. Rfd1 f5 21.
f3 Rac8 22. Bf2 h5 23. Bb6 Bd8 24. Bxd8 Rxd8 25. Kf2 Rdc8 26. Rd2 Kf7 27. Ra3 Kf6 28.
Rb3 R8c7 29. Rb6 Ke7 30. a5 R4c5 31. Rb4 Rxa5 32. Rh4 g6 33. g4 Kf6 34. gxf5 Kxf5 35. Rb4 b5 36. h4 Ra1 37. Ke3 Re1+ 38. Kd3 Rc5 39. Kc2 a5 40. Rb3 Rh1 41. Ra3 a4 42. b3 Rxh4 43. bxa4 Rxa4 44. Rxa4 bxa4 45. Kb2 g5 46.
Rd3 g4 47. fxg4+ hxg4 48. Ka3 Ke4 49. Kxa4 Kxd3 0-1

[Event "*** Titled Tuesday Blitz"]
[Site "Chess.com"]
[Date "2020.04.14"]
[Round "2"]
[White "goofypenguin96"]
[Black "GelmanAlexander"]
[Result "0-1"]
[WhiteElo "2132"]
[BlackElo "2414"]
[TimeControl "180+1"]
[EndTime "10:17:35 PDT"]
[Termination "GelmanAlexander won on time"]

1. e4 c5 2. d4 cxd4 3. c3 dxc3 4. Nxc3 e6 5. Nf3 a6 6. Bc4 Nc6 7. Bf4 b5 8. Bb3 Bb7 9. O-O Rc8 10. Qe2 Nge7 11.
Bd6 Ng6 12. Bxf8 Nxf8 13. Rad1 Ng6 14. Qd2 Na5 15. Bc2 Nc4 16. Qd4 O-O 17. b3 Na3 18. Bb1 Qa5 19. b4 Qc7 20. Ne2 Rfd8 21. Bd3 Nf4 22.
Nxf4 Qxf4 23. Ne5 d6 24. Nf3 h6 25. Be2 Qxe4 26. Qxe4 Bxe4 27. Rd4 d5 28. Rfd1 Nc2 29.
R4d2 Nxb4 30. a3 Nc6 31. Nh4 Na5 32. f3 Bh7 33. g4 Nc4 34. Rd4 Nxa3 35. Ng2 Nc2 36. R4d2 d4 0-1

[Event "*** Titled Tuesday Blitz"]
[Site "Chess.com"]
[Date "2020.04.14"]
[Round "2"]
[White "StegariuVlad"]
[Black "floplover"]
[Result "1-0"]
[WhiteElo "2590"]
[BlackElo "2299"]
[TimeControl "180+1"]
[EndTime "10:17:37 PDT"]
[Termination "StegariuVlad won by resignation"]

1. e4 c6 2. d4 d5 3. exd5 cxd5 4.
Bd3 Nc6 5. c3 Nf6 6. h3 g6 7.
Qc2 Bg7 8. Nf3 O-O 9. O-O Qc7 10.
Re1 Re8 11. a4 e5 12. dxe5 Nxe5 13. Nxe5 Rxe5 14. Rxe5 Qxe5 15. Be3 Bd7 16. Nd2 Rc8 17. Bxa7 Nh5 18. Bd4 Qg5 19. Nf3 Qf4 20. Be3 Qf6 21. Bg5 Qd6 22. Re1 Nf4 23. Bf1 h6 24. Be7 Qb6 25. Qd2 g5 26. Nd4 Bxd4 27. cxd4 Bf5 28.
a5 Qb3 29. Qb4 Qxb4 30. Bxb4 Rc2 31. Bc3 Bd3 32. Bxd3 Nxd3 33. Re7 Nxb2 34. Bb4 Nd3 35. Rxb7 Rc1+ 36. Kh2 Nxf2 37. a6 g4 38. hxg4 Nxg4+ 39. Kg3 Nf6 40. a7 Ne4+ 41. Kf4 Rf1+ 42. Ke3 Kg7 43.
a8=Q 1-0

[Event "*** Titled Tuesday Blitz"]
[Site "Chess.com"]
[Date "2020.04.14"]
[Round "2"]
[White "Indianlad"]
[Black "Promacherr"]
[Result "1-0"]
[WhiteElo "2967"]
[BlackElo "2607"]
[TimeControl "180+1"]
[EndTime "10:17:38 PDT"]
[Termination "Indianlad won on time"]

1. e4 e6 2. d4 d5 3. Nc3 Nf6 4. e5 Nfd7 5. f4 c5 6. Nf3 Nc6 7. Be3 Be7 8. Be2 O-O 9. O-O a6 10. Qd2 b5 11. Nd1 cxd4 12. Nxd4 Bb7 13. c3 Nc5 14. Nf2 Rc8 15. Rad1 Nxd4 16. cxd4 Ne4 17. Nxe4 dxe4 18. f5 exf5 19. Rxf5 Bd5 20. Rdf1 f6 21. exf6 Rxf6 22. Bg4 Rcc6 23. h3 Rxf5 24. Rxf5 Rf6 25. b3 Rxf5 26. Bxf5 Qc7 27. Qf2 Bf6 28. g4 h6 29. Bg6 Qc3 30. Qf4 Qe1+ 31. Kh2 Qe2+ 32. Kg3 Kh8 33. Bxe4 Bxe4 34. Qxe4 Qe1+ 35. Kg2 Qe2+ 36.
Kg3 Qe1+ 37. Kf3 Qh1+ 38. Kf4 1-0

[Event "*** Titled Tuesday Blitz"]
[Site "Chess.com"]
[Date "2020.04.14"]
[Round "2"]
[White "SmoothAsAHedgehog"]
[Black "Ave_Mariia"]
[Result "1-0"]
[WhiteElo "2662"]
[BlackElo "2319"]
[TimeControl "180+1"]
[EndTime "10:17:38 PDT"]
[Termination "SmoothAsAHedgehog won by checkmate"]

1. d4 Nf6 2. Nc3 g6 3. e4 d6 4. Be3 Bg7 5. f3 O-O 6. Qd2 e5 7. Nge2 Nc6 8. d5 Ne7 9. Bh6 a6 10. g4 b5 11. h4 c6 12. dxc6 Nxc6 13. h5 b4 14. Nd5 Bh8 15. hxg6 fxg6 16. Bxf8 Qxf8 17.
O-O-O Nd4 18. Nxd4 exd4 19. Bc4 Be6 20. Nxf6+ Qxf6 21.
g5 Qf7 22. Bxe6 Qxe6 23. Kb1 a5 24. Qh2 Ra7 25. f4 Qxe4 26. Rhe1 Qc6 27. Re6 Rc7 28. Rde1 Rc8 29. Re7 Bg7 30. Qe2 Rf8 31. Qd2 Qf3 32. R7e4 d5 33. Re7 Qxf4 34. Qxf4 Rxf4 35. Re8+ Kf7 36.
R1e7# 1-0

[Event "*** Titled Tuesday Blitz"]
[Site "Chess.com"]
[Date "2020.04.14"]
[Round "2"]
[White "kingandqueen2017"]
[Black "Benjoneliere44"]
[Result "1/2-1/2"]
[WhiteElo "2314"]
[BlackElo "2644"]
[TimeControl "180+1"]
[EndTime "10:17:38 PDT"]
[Termination "Game drawn by agreement"]

1. d4 d6 2. e4 g6 3. c4 Bg7 4. Nc3 a6 5. Be3 Nf6 6. f3 O-O 7. Qd2 c5 8. Nge2 Qa5 9. h4 Nc6 10. dxc5 dxc5 11. Nd5 Qxd2+ 12. Kxd2 Rd8 13. Kc1 Nxd5 14.
cxd5 Nd4 15. Nc3 e6 16. dxe6 Bxe6 17. h5 b5 18. hxg6 hxg6 19. Bh6 f5 20. Bxg7 Kxg7 21.
exf5 Bxf5 22. g4 Be6 23. Bg2 Bc4 24. b3 b4 25. Na4 Ne2+ 26. Kc2 Bd3+ 27. Kb2 Bb5 28.
Rad1 Bxa4 29. bxa4 Nc3 30. Rxd8 Rxd8 31. Rc1 Rd2+ 32. Rc2 Nd1+ 33. Kb3 Rxc2 34. Kxc2 Ne3+ 35. Kd3 Nxg2 36. Kc4 Ne1 37. Kxc5 Nxf3 38. Kxb4 Ne5 39. g5 Nf7 40. Ka5 Nxg5 41. Kxa6 Ne6 42. a5 Nc5+ 43. Kb6 Nd7+ 44. Kc6 Nb8+ 45. Kb7 Nd7 46. Kc7 Nc5 47. Kc6 Na6 48. Kb6 Nb8 49. Kb7 Nd7 50. Kc6 1/2-1/2

[Event "*** Titled Tuesday Blitz"]
[Site "Chess.com"]
[Date "2020.04.14"]
[Round "2"]
[White "zivicd"]
[Black "benhal"]
[Result "1/2-1/2"]
[WhiteElo "2247"]
[BlackElo "2481"]
[TimeControl "180+1"]
[EndTime "10:17:38 PDT"]
[Termination "Game drawn - insufficient material"]

1. e4 g6 2. d4 Bg7 3. Nc3 c5 4. d5 d6 5. h3 a6 6. a4 Nf6 7. Nf3 O-O 8. Bg5 h6 9. Be3 e5 10. dxe6 Bxe6 11. Qd2 Nc6 12. Rd1 Qa5 13. Be2 Rfd8 14. O-O d5 15. exd5 Nxd5 16. Nxd5 Qxd2 17. Rxd2 Bxd5 18. Rfd1 Bxf3 19. Rxd8+ Rxd8 20. Rxd8+ Nxd8 21. Bxf3 Bxb2 22. Bxc5 b5 23. axb5 axb5 24. Be2 Ne6 25. Be3 Nd4 26. Bxd4 Bxd4 27. Bxb5 f5 28. Kf1 Kf7 29.
Ke2 Ke6 30. f4 g5 31. fxg5 hxg5 32. g3 Be5 33. Kf3 Kf6 34. Be8 Bc3 35. h4 g4+ 36.
Kg2 Kg7 37. h5 Kh6 38. Bg6 Kg5 39. Kh2 f4 40. gxf4+ Kxf4 41. Kg2 Kg5 42. Be8 Kf4 43. Kf2 Kg5 44. Ke2 Kh6 45. Ke3 Kg5 46. Ke4 Kh4 47. Kd3 g3 48. Bc6 Bg7 49. Bf3 g2 50. Bxg2 Kxh5 51.
c4 Bf8 52. Kd4 Kg5 53. Kd5 Kf6 54. c5 Bxc5 1/2-1/2

[Event "*** Titled Tuesday Blitz"]
[Site "Chess.com"]
[Date "2020.04.14"]
[Round "2"]
[White "Monmoransy"]
[Black "mishanick"]
[Result "0-1"]
[WhiteElo "2611"]
[BlackElo "3007"]
[TimeControl "180+1"]
[EndTime "10:17:39 PDT"]
[Termination "mishanick won on time"]

1. e4 c5 2. Nf3 d6 3. d4 cxd4 4. Qxd4 Nf6 5. Bb5+ Nc6 6. c4 g6 7. Nc3 Bg7 8. O-O O-O 9. Qd3 Nd7 10. Be3 Nde5 11.
Nxe5 Nxe5 12. Qe2 Be6 13. Nd5 Bxd5 14. cxd5 a6 15. Ba4 b5 16. Bb3 Rc8 17. Rac1 Qa5 18.
Bd2 Qb6 19. Be3 Qa5 20. Bd2 Qb6 21. Be3 Qb7 22. f3 a5 23. a3 a4 24. Ba2 Nc4 25. Bxc4 bxc4 26. Rxc4 Qb3 27. Rb4 Rc2 28. Qe1 Qd3 29. Rf2 Rfc8 30. Rxc2 Qxc2 31. Qd2 Qb1+ 32.
Kf2 h5 33. Kg3 Rc2 34. Rb8+ Kh7 35. Qb4 Qf1 0-1

[Event "*** Titled Tuesday Blitz"]
[Site "Chess.com"]
[Date "2020.04.14"]
[Round "2"]
[White "Raja3401"]
[Black "2L8IWUN"]
[Result "0-1"]
[WhiteElo "2673"]
[BlackElo "2336"]
[TimeControl "180+1"]
[EndTime "10:17:39 PDT"]
[Termination "2L8IWUN won by checkmate"]

1. e4 c5 2. Nf3 d6 3. d4 cxd4 4.
Nxd4 Nf6 5. Nc3 Nc6 6. Bg5 e6 7. Qd3 a6 8. Nxc6 bxc6 9. O-O-O Be7 10. Qg3 Qb6 11. f4 Rb8 12. b3 Qa5 13. Be2 d5 14. f5 Rb7 15. e5 Bb4 16. Bd2 Nd7 17. fxe6 fxe6 18. Qxg7 Rf8 19. Bg5 Nf6 20. exf6 Rxg7 21. fxg7 Rg8 22. Na4 Ba3+ 23. Kb1 Rxg7 24. Bd2 Bb4 25.
c3 Bd6 26. Bf3 Qb5 27. c4 dxc4 28. Bc3 Be5 29. Bxe5 Qxe5 30. Rhe1 Qf5+ 31. Be4 Qg5 32. Nb6 Bd7 33. Nxd7 cxb3 34. axb3 Qb5 35. Nf6+ Ke7 36. Nxh7 Qxb3+ 37. Kc1 Qc3+ 38. Kb1 Rg8 39. Re2 Rb8+ 40. Ka2 Qa5# 0-1

[Event "*** Titled Tuesday Blitz"]
[Site "Chess.com"]
[Date "2020.04.14"]
[Round "2"]
[White "2nd_life"]
[Black "HarryCun"]
[Result "1-0"]
[WhiteElo "2402"]
[BlackElo "2119"]
[TimeControl "180+1"]
[EndTime "10:17:39 PDT"]
[Termination "2nd_life won on time"]

1. e4 c6 2. d4 d5 3. e5 Bf5 4. h4 Bd7 5. c3 e6 6. Be3 c5 7.
dxc5 Qc7 8. b4 Qxe5 9. Nf3 Qc7 10. Na3 b6 11. Nb5 Qc8 12. Bf4 bxc5 13. Nc7+ Kd8 14.
Nxa8 cxb4 15. cxb4 Bxb4+ 16. Bd2 Nc6 17. Bxb4 Nxb4 18.
Rc1 Qxa8 19. Qd4 Qb7 20. Qxg7 Nxa2 21. Qxh8 Qb4+ 22. Nd2 Nxc1 23. Qxg8+ Be8 24. Qg5+ Kd7 25. Rh3 Qb2 26. Qe3 Qa1 27. Bb5+ Kd8 28. Bxe8 Kxe8 29.
f3 d4 30. Qe4 Nb3+ 31. Ke2 d3+ 32. Ke3 Nc1 33. Qc6+ Ke7 34. Qc7+ Kf6 35. Rg3 Qe5+ 36. Ne4+ 1-0

[Event "*** Titled Tuesday Blitz"]
[Site "Chess.com"]
[Date "2020.04.14"]
[Round "2"]
[White "sergoy"]
[Black "Hubbery"]
[Result "1-0"]
[WhiteElo "2875"]
[BlackElo "2585"]
[TimeControl "180+1"]
[EndTime "10:17:40 PDT"]
[Termination "sergoy won by resignation"]

1. d4 Nf6 2. c4 e6 3. Nf3 d5 4.
Nc3 dxc4 5. e4 b5 6. e5 Nd5 7. Nxb5 Nb6 8. Be2 Nc6 9. O-O Be7 10. Qd2 O-O 11. Qf4 Nb4 12. Qg3 Kh8 13. Nc3 Rb8 14. Rd1 Bb7 15. a3 N4d5 16. Ne4 Ne3 17. Bxe3 Bxe4 18.
Ng5 Bd5 19. a4 f6 20. exf6 gxf6 21. Nf3 Rg8 22. Qh3 Qd7 23. Bf4 Nxa4 24. Ne5 fxe5 25. Bxe5+ Rg7 26. Bxg7+ Kxg7 27. Qg3+ Kh8 28. Qe5+ Kg8 29.
Qg3+ Kh8 30. Qe5+ Kg8 31. Qg3+ Kf8 32. Qf4+ Ke8 33. Bh5+ Kd8 34. Qf7 Kc8 35. Rxa4 Qxa4 36.
Qxe7 Rxb2 37. h3 c3 38. Rc1 c2 39. Qc5 Qa2 40. Kh2 Kb7 41. Be8 Qc4 42. Bc6+ Ka6 43.
Qa3+ Kb6 44. Qxb2+ 1-0

[Event "*** Titled Tuesday Blitz"]
[Site "Chess.com"]
[Date "2020.04.14"]
[Round "2"]
[White "Setne007"]
[Black "CaspiIsrael"]
[Result "0-1"]
[WhiteElo "2283"]
[BlackElo "2535"]
[TimeControl "180+1"]
[EndTime "10:17:40 PDT"]
[Termination "CaspiIsrael won by resignation"]

1. e4 d5 2. d3 Nf6 3. e5 Nfd7 4. f4 c5 5. c3 Nc6 6. Nf3 e6 7. g3 Be7 8. h4 b6 9. Bh3 Bb7 10. Qe2 Qc7 11. a3 O-O-O 12. Be3 Kb8 13. d4 cxd4 14. cxd4 Na5 15. Nbd2 Rc8 16. O-O Qc2 17. Rab1 g6 18.
b4 Nc4 19. Rfc1 Qa4 20. Nxc4 Rxc4 21. Rxc4 dxc4 22. Ra1 Rc8 23. Ne1 c3 24. Bf1 Bxb4 25. Nc2 Be7 26. Qb5 Bc6 27. Qxa4 Bxa4 28. Rc1 b5 29.
Nb4 Nb6 30. Na6+ Kb7 31. Nc5+ Bxc5 32. dxc5 Nd5 33. Bd4 a5 34. Bxc3 Rxc5 35. Bd2 Rxc1 36. Bxc1 Kb6 37. Kf2 b4 38. axb4 axb4 39. Bd3 h5 40.
Ke2 Bb5 41. Bb2 Bxd3+ 42. Kxd3 Kb5 43. Kd4 Ne7 0-1